 Dungeon Crawl Stone Soup version 0.29-a0-553-g81b289dbe5 (webtiles) character file.

Game seed: 14153619130057981106

8 shadowstone the Skirmisher (level 2, -2/19 HPs)
             Began as a Gargoyle Fighter on June 6, 2022.
             Slain by a kobold
             ... wielding a +0 short sword
              (5 damage)
             ... on level 1 of the Dungeon.
             The game lasted 00:00:47 (206 turns).

shadowstone the Skirmisher (Gargoyle Fighter)        Turns: 206, Time: 00:00:47

Health: -2/19      AC:  9    Str: 19    XL:     2   Next: 8%
Magic:  2/2        EV:  9    Int:  8    God:
Gold:   0          SH:  4    Dex:  9    Spells: 1/1 levels left

rFire   . . .      SeeInvis .   a - +0 long sword
rCold   . . .      Faith    .   c - +0 buckler
rNeg    + . .      Spirit   .   b - +0 scale mail
rPois   ∞          Reflect  .   (no helmet)
rElec   +          Harm     .   (no cloak)
rCorr   .          Rampage  .   (no gloves)
Will    .....                   (no boots)
Stlth   ..........              (no amulet)
HPRegen 0.06/turn               (no ring)
MPRegen 0.08/turn               (no ring)

@: no status effects
A: sickness immunity, AC +2, negative energy resistance 1, electricity
resistance, torment resistance 1, petrification resistance
a: no special abilities


You were on level 1 of the Dungeon.
You visited 1 branch of the dungeon, and saw 1 of its levels.

Inventory:

Hand Weapons
 a - a +0 long sword (weapon)
Armour
 b - a +0 scale mail (worn)
 c - a +0 buckler (worn)
Potions
 d - a potion of might


   Skills:
 + Level 3.5 Fighting
 + Level 1.9 Long Blades
 + Level 3.5 Armour
 + Level 3.4 Shields


You had one spell level left.
You didn't know any spells.
Your spell library was empty.

Dungeon Overview and Level Annotations

Branches:
Dungeon (1/15)

Altars:


Innate Abilities, Weirdness & Mutations

You are immune to sickness and miasma.
Your stone body is resilient. (AC +2)
You are immune to poison.
You resist negative energy. (rN+)
You are resistant to electric shocks. (rElec)
You are resistant to unholy torment.
You are immune to petrification.


Message History

The kobold attacks as you move away! The kobold hits you but does no damage.
Found 15 stones.
The kobold attacks as you move away! The kobold hits you but does no damage.
Found a hand axe.
A hobgoblin comes into view.
The hobgoblin shouts!
The hobgoblin hits you. The hobgoblin barely misses you.
You see here 15 stones.
You barely miss the hobgoblin. The kobold hits you but does no damage.
The hobgoblin hits you but does no damage. x2
The kobold hits you with a +0 short sword.
You hit the hobgoblin.
You kill the hobgoblin!
The kobold hits you with a +0 short sword.
You block the kobold's attack.
You see here a hobgoblin corpse.
The kobold attacks as you move away! The kobold hits you but does no damage.
The kobold hits you but does no damage. The kobold attacks as you move away!
The kobold hits you but does no damage. The kobold attacks as you move away!
The kobold hits you with a +0 short sword.
The kobold barely misses you. The kobold attacks as you move away!
The kobold closely misses you.
The kobold hits you with a +0 short sword.
You miss the kobold. The kobold barely misses you.
The kobold hits you with a +0 short sword.
* * * LOW HITPOINT WARNING * * *
You closely miss the kobold. You block the kobold's attack.
You barely miss the kobold.
The kobold hits you with a +0 short sword.
* * * LOW HITPOINT WARNING * * *
You barely miss the kobold. The kobold hits you but does no damage.
You hit the kobold.
The kobold is heavily wounded.
The kobold barely misses you. The kobold closely misses you.
You barely miss the kobold.
The kobold is heavily wounded.
The kobold hits you with a +0 short sword.
You die...

.).#
#.............#
#####
##.##.......).#
...##.........#
#.####..#..#####
#. #..#....# #
#..#..#.#
#.......#
#.##K##.####
#...@...#
####.#### #.#
#.. ... ##.. #.
.#


You could see a kobold.

Vanquished Creatures
  3 goblins (D:1)
  A hobgoblin (D:1)
  2 bats (D:1)
  A kobold (D:1)
  A rat (D:1)
8 creatures vanquished.

Notes
Turn   | Place    | Note
-------+----------+-------------------------------------------
     0 | D:1      | shadowstone the Gargoyle Fighter began the quest for the
                  | Orb.
     0 | D:1      | Reached XP level 1. HP: 14/14 MP: 1/1
   163 | D:1      | Reached XP level 2. HP: 17/19 MP: 2/2
   206 | D:1      | Slain by a kobold

Illustrated notes

Levels and vault maps discovered:
D:1:      elethiomel_arrival_maze, layout_basic

Action                   || total
-------------------------++-------
Melee: Long sword        ||    30
Armor: Scale mail        ||    30
Dodge: Dodged            ||    22
Block: Buckler           ||     8

Table legend: (Time is in decaauts)
 A = Elapsed time spent in this place.
 B = Non-inter-level travel time spent in this place.
 C = Inter-level travel time spent in this place.
 D = Time resting spent in this place.
 E = Time spent auto-exploring this place.
 F = Levels seen in this place.
 G = Mean time per level.
                   A        B        C        D        E       F      G
               +--------+--------+--------+--------+--------+-----+--------+
         Total |    216 |    216 |      0 |      0 |      0 |   1 |  216.0 |
       Dungeon |    216 |    216 |      0 |      0 |      0 |   1 |  216.0 |
               +--------+--------+--------+--------+--------+-----+--------+

Top non-repeatable levels by time:
     D:1: 216 daAuts
